[Event "Austrian Bundesliga 2023-24"]
[Site "Austria"]
[Date "2024.03.22"]
[Round "9.36"]
[White "Steindl, Johannes"]
[Black "Gschnitzer, Adrian"]
[Result "0-1"]
[ECO "B90"]
[WhiteElo "2302"]
[BlackElo "2423"]
[Annotator "TA"]
[PlyCount "62"]
[EventDate "2023.10.21"]
[EventType "team-tourn"]
[EventCountry "AUT"]
[SourceTitle "playchess.com"]
[Source "ChessBase"]
[SourceQuality "1"]
[TimeControl "40/5400+30:1800+30"]

1. e4 c5 2. Nf3 d6 3. d4 cxd4 4. Nxd4 Nf6 5. Nc3 a6 6. Be3 e5 7. Nb3 Be7 8. h3 h6 9. Qf3 Qc7 10. O-O-O {[%emt 0:01:21] White is slightly better.} b5 11. Qg3 Bb7 (11... Kf8 $11) 12. Qxg7 $14 Rg8 13. Qxh6 Nxe4 ({Better is} 13... Nbd7 $14) 14. Nxe4 $16 Bxe4 15. Bd3 Bxd3 16. Rxd3 Nd7 17. Rhd1 Nf6 {[%emt 0:03:00] [#]} (17... Rxg2 $14 18. Qh8+ Nf8) 18. Kb1 $2 (18. g4 $1 $18) 18... Rxg2 $11 19. h4 ({White should try} 19. Qh8+ $11 Rg8 20. Qh6) 19... Rc8 $1 $15 20. Rc3 Qd7 {[%emt 0:00:33] Hoping for ...Rxc3.} 21. Bg5 Rxc3 22. Qh8+ (22. bxc3 $15 Ne4 23. Qh8+ Bf8 24. Bh6 Nxc3+ (24... Nxf2 25. Qxf8#) 25. Kc1) 22... Bf8 $17 23. Qxf6 {[%emt 0:00:03] [#]} (23. bxc3 $17 {was the only chance.} Ne4 24. Kb2) 23... Rc4 ({Black should play} 23... Rc8 $1 $19 {White must now prevent ...Qe6.} 24. Nd4 Qc7 (24... exd4 $2 {loses.} 25. Re1+ $18)) 24. Na5 $2 (24. a3 $17 {keeps fighting.}) 24... Rc8 $19 25. c3 Qe6 26. Qf3 Qg4 27. Qd5 Rg1 ({Don't play} 27... Rxf2 28. Nb7 Qf5+ 29. Ka1 $19) 28. f3 Qf5+ 29. Kc1 Rxd1+ 30. Qxd1 Qe6 31. h5 (31. a3 $142) 31... Qxa2 {[%emt 0:04:53] Weighted Error Value: White=0.60/Black=0.21 (precise) .  Loses game:     	White=1     	---        Missed win:     	White=1     	---        Mistake:       	White=4     	Black=4      Inaccurate:     	White=2     	Black=2      OK:         	White=7     	Black=10     Best:        	White=1     	Black=4      Strong:       	---       	Black=1} 0-1

[Event "Austrian Bundesliga 2023-24"]
[Site "Austria"]
[Date "2024.03.23"]
[Round "10.1"]
[White "Ragger, Markus"]
[Black "Dragnev, Valentin"]
[Result "1/2-1/2"]
[ECO "D38"]
[WhiteElo "2605"]
[BlackElo "2575"]
[Annotator "TA"]
[PlyCount "63"]
[EventDate "2023.10.21"]
[EventType "team-tourn"]
[EventCountry "AUT"]
[SourceTitle "playchess.com"]
[Source "ChessBase"]
[SourceQuality "1"]
[TimeControl "40/5400+30:1800+30"]

1. d4 Nf6 2. c4 e6 3. Nf3 d5 4. Nc3 Bb4 5. Qa4+ Nc6 6. e3 O-O 7. Bd2 dxc4 8. Bxc4 Bd6 9. Qc2 e5 10. dxe5 Nxe5 11. Nxe5 Bxe5 12. f4 Bxc3 13. Bxc3 Ng4 14. Bd4 c5 15. Bxc5 {[%emt 0:01:18] A strong pair of Bishops.} Re8 16. O-O Nxe3 (16... b6 {with more complications.} 17. Bd4 Nxe3 18. Bxe3 Rxe3 19. Rad1 Qe7) 17. Bxe3 Rxe3 18. Qf2 Qb6 19. a4 {[%emt 0:14:33][%cal Ba2a4,Ba4a5][%mdl 32] [#] Threatens to win with a5.} Be6 20. a5 Qd4 21. Bxe6 fxe6 22. Rae1 (22. Rad1 {is more complex.} Qe4 23. Rd7 Rf8 24. Rxb7 Re2 25. Qf3) 22... Re4 {[%emt 0:00:35] The position is equal.} 23. Qxd4 Rxd4 24. Rxe6 $11 {[%emt 0:00:08][%mdl 4096] Endgame. KRR-KRR} Rc8 25. f5 Rc2 26. f6 gxf6 27. Rexf6 Rxb2 28. Rf8+ Kg7 29. R8f7+ Kg8 30. Rf8+ Kg7 31. R8f7+ Kg8 32. Rf8+ {[%emt 0:00:15] Weighted Error Value: White=0.03 (flawless) /Black=0.03 (flawless) .  Inaccurate:     	White=1     	---        OK:         	White=9     	Black=13     Best:        	White=1     	---} 1/2-1/2

[Event "Austrian Bundesliga 2023-24"]
[Site "Austria"]
[Date "2024.03.23"]
[Round "10.2"]
[White "Blohberger, Felix"]
[Black "Handler, Lukas"]
[Result "0-1"]
[ECO "D11"]
[WhiteElo "2531"]
[BlackElo "2436"]
[Annotator "TA"]
[PlyCount "58"]
[EventDate "2023.10.21"]
[EventType "team-tourn"]
[EventCountry "AUT"]
[SourceTitle "playchess.com"]
[Source "ChessBase"]
[SourceQuality "1"]
[TimeControl "40/5400+30:1800+30"]

1. d4 d5 2. c4 c6 3. Nf3 Nf6 4. e3 e6 5. b3 Ne4 6. Bd3 Bb4+ 7. Nfd2 f5 8. Qh5+ {[%emt 0:00:56] The position is equal.} g6 9. Qe2 O-O 10. O-O Nd7 11. Bb2 Ndf6 12. f3 Nxd2 13. Nxd2 Bd7 14. a3 Bd6 15. b4 a5 16. c5 Bc7 17. b5 (17. g3 $14) 17... cxb5 $11 18. Bxb5 Bxb5 19. Qxb5 b6 20. cxb6 Bxb6 21. a4 Rb8 {[%emt 0:02:29] [#] White must now prevent ...Bc7.} 22. Qd3 Qd7 23. Nb3 Rfc8 24. Rfc1 Ne8 25. Rxc8 Qxc8 26. Ba3 Qc6 27. Bc5 Bc7 28. Qc3 Ra8 29. Bb4 $2 {[%emt 0:01:40][%mdl 8192] [#]} Qc4 {[%emt 0:02:04] Weighted Error Value: White=0.30/Black=0.04 (flawless) .  Loses game:     	White=1     	---        Mistake:       	White=1     	---        Inaccurate:     	---       	Black=1      OK:         	White=8     	Black=12     Best:        	---       	Black=3} 0-1

[Event "Austrian Bundesliga 2023-24"]
[Site "Austria"]
[Date "2024.03.23"]
[Round "10.3"]
[White "Halvax, Georg"]
[Black "Peyrer, Konstantin"]
[Result "1/2-1/2"]
[ECO "E10"]
[WhiteElo "2452"]
[BlackElo "2434"]
[Annotator "RC"]
[PlyCount "61"]
[EventDate "2023.10.21"]
[EventType "team-tourn"]
[EventCountry "AUT"]
[SourceTitle "playchess.com"]
[Source "ChessBase"]
[SourceQuality "1"]
[TimeControl "40/5400+30:1800+30"]

1. d4 Nf6 2. c4 e6 3. Nf3 d5 4. e3 b6 5. Bd3 Bb7 6. O-O Nbd7 7. Nc3 a6 8. b3 Bd6 9. Bb2 O-O 10. Re1 c5 11. cxd5 exd5 12. e4 dxe4 13. Nxe4 Be7 14. Rc1 Rc8 15. Ng3 Re8 16. Bf5 Rc7 17. dxc5 Rxc5 18. Ng5 h6 19. Rxc5 Bxc5 20. N5e4 Nxe4 21. Nxe4 Bxe4 22. Bxe4 Nf6 23. Bf3 Qxd1 24. Rxd1 Ne4 25. Bxe4 Rxe4 26. Kf1 f6 27. Re1 Rxe1+ 28. Kxe1 Kf7 29. Ke2 h5 30. h3 Ke6 31. g4 1/2-1/2

[Event "Austrian Bundesliga 2023-24"]
[Site "Austria"]
[Date "2024.03.23"]
[Round "10.4"]
[White "Froewis, Georg"]
[Black "Kreisl, Robert"]
[Result "1-0"]
[ECO "A13"]
[WhiteElo "2450"]
[BlackElo "2260"]
[Annotator "TA"]
[PlyCount "97"]
[EventDate "2023.10.21"]
[EventType "team-tourn"]
[EventCountry "AUT"]
[SourceTitle "playchess.com"]
[Source "ChessBase"]
[SourceQuality "1"]
[TimeControl "40/5400+30:1800+30"]

1. c4 e6 2. Nc3 d5 3. e3 Nf6 4. Nf3 dxc4 5. Bxc4 a6 6. a4 c5 7. O-O Nc6 8. Qe2 Be7 9. Rd1 O-O 10. d4 cxd4 11. exd4 Nb4 12. Ne5 Bd7 13. Bg5 Bc6 14. Nxc6 bxc6 15. Na2 Nfd5 16. Nxb4 {[%emt 0:00:10] Die Stellung ist ausgeglichen.} Nxb4 17. Bd2 Nc2 18. Rac1 Nxd4 19. Qe4 {[%emt 0:03:50] Und Bc3 würde nun gewinnen.} a5 20. Rc3 c5 21. Rh3 f5 22. Qe1 (22. Bxe6+ Kh8 23. Qe1 Nxe6) 22... Kh8 23. Bc3 Bf6 24. Rdd3 (24. Bxe6 $11 Qe8 25. Bc4 Qxa4 26. Qf1) 24... Re8 (24... e5 $17 25. f3 Qe7) 25. Qd1 $11 g6 {[%emt 0:00:26] Verhindert Qh5.} 26. f4 Qc7 27. Qd2 Bg7 28. Qf2 Bf6 ({Besser ist} 28... h5 $15 29. Rhe3 Kh7) 29. Rhe3 Bg7 30. Rh3 Bf6 (30... h5 $15 {war vorzuziehen.} 31. Rhe3 Kh7) 31. Rde3 Qd8 32. Qe1 Ra7 33. Rd3 Qc7 34. Qd2 Qd8 (34... h5 $15) 35. Rhe3 Qd6 36. Re1 Qb6 37. Kh1 Bg7 (37... h6 {vereinfacht} 38. Rde3 Kg7 39. Bxd4 Bxd4 40. Rxe6 Rxe6 41. Rxe6 Qxb2 42. Qxb2 Bxb2 43. g3 Rd7) 38. Rde3 Qc7 39. Bxe6 {[%emt 0:01:10] Das Läuferpaar ist gut.} Qxf4 {[%emt 0:00:21] ...Rae7 wäre nun fies.} 40. Bc4 (40. Bxa5 $2 Rxe6 41. Rxe6 Nxe6 42. Qxf4 Nxf4 $19) 40... Rxe3 41. Rxe3 $40 {[%emt 0:01:00][%mdl 128] Weiss droht Re8+ und Matt. Schwarz muss sich nun genau verteidigen.} Bf8 $2 {[%emt 0:07:42][%mdl 8192] Danach kann Schwarz die Partie nicht mehr halten.} (41... Bh6 $14 42. Re8+ Kg7 43. Qxf4 (43. Rg8+ Kf6 $11) 43... Bxf4) 42. Re8 $1 $18 {[%emt 0:00:20] Schwarz ist schwach auf den weissen Feldern} (42. Bxa5 $2 Rxa5 43. g3 Qc7 $19) 42... Qd6 43. Qh6 Rg7 {[%emt 0:01:34] [#]} 44. Qf4 $3 Qf6 (44... Rd7 45. Qxd6) 45. Qb8 (45. Qe5 $142 Rf7 46. Qxc5 (46. Bxf7 Qxe5 47. Rxe5 Kg7 $18) 46... Kg7 47. Rxf8 (47. Qxd4 Qxd4 48. Bxd4+ Kh6 $18) (47. Qxa5 Rd7 $18) 47... Rxf8 48. Bxd4 g5 49. Bxf6+ Rxf6 50. Qe7+ (50. Qxa5 Kg6 $18) 50... Kg6 51. g4 (51. Qe8+ Kh6 52. Bf7 g4 53. Qf8+ Kg5 54. Qe7 h5 55. g3 h4 56. Qe3+ f4)) 45... Rg8 {[%emt 0:00:06] Weiß steht klar auf Gewinn.} 46. Bxg8 (46. Qc7 $142) 46... Kxg8 47. Bd2 {[%emt 0:05:21][%cal Od2h6] jetzt Bh6! und aus.} Nc6 (47... f4 $142 48. Qxf4 Qxf4 49. Bxf4 Kf7) 48. Qa8 (48. Qb3+ $142 Kg7 49. Qb7+ Qe7 50. Rxe7+ Nxe7 51. Bxa5) 48... Qd6 {[%emt 0:04:45] [#]} 49. Rxf8+ $1 {[%emt 0:00:11][%mdl 512] Gewichteter Fehlerwert: Weiß=0.38/Schwarz=0.43.  Verlustzug:     	---       	Schwarz=1     Fehler:       	Weiß=2     	Schwarz=5     Ungenau:       	Weiß=5     	Schwarz=5     OK:         	Weiß=13    	Schwarz=7     Bester:       	Weiß=2     	---        Stark:        	Weiß=1     	---} 1-0

[Event "Austrian Bundesliga 2023-24"]
[Site "Austria"]
[Date "2024.03.23"]
[Round "10.5"]
[White "Genser, Harald"]
[Black "Balint, Peter"]
[Result "1-0"]
[ECO "A45"]
[WhiteElo "2263"]
[BlackElo "2345"]
[Annotator "RC"]
[PlyCount "51"]
[EventDate "2023.10.21"]
[EventType "team-tourn"]
[EventCountry "AUT"]
[SourceTitle "playchess.com"]
[Source "ChessBase"]
[SourceQuality "1"]
[TimeControl "40/5400+30:1800+30"]

1. d4 Nf6 2. Bf4 g6 3. Nc3 d5 4. e3 Bg7 5. h4 h5 6. Nf3 O-O 7. Qd2 c5 8. dxc5 Nbd7 9. O-O-O Nxc5 10. Ng5 Qb6 11. f3 Bf5 12. Be5 Rac8 13. Qd4 Rfd8 14. Be2 Ne8 15. Bxg7 Nxg7 16. g4 e5 17. Qxe5 Bxc2 18. Rxd5 f6 19. Rxd8+ Rxd8 20. Bc4+ Kh8 21. Nf7+ Kh7 22. Qf4 g5 23. hxg5 Nce6 24. Bxe6 Nxe6 25. Rxh5+ Kg8 26. Rh8+ 1-0

[Event "Austrian Bundesliga 2023-24"]
[Site "Austria"]
[Date "2024.03.23"]
[Round "10.6"]
[White "Steindl, Johannes"]
[Black "Hartl, Daniel"]
[Result "1-0"]
[ECO "D17"]
[WhiteElo "2302"]
[BlackElo "2248"]
[Annotator "RC"]
[PlyCount "95"]
[EventDate "2023.10.21"]
[EventType "team-tourn"]
[EventCountry "AUT"]
[SourceTitle "playchess.com"]
[Source "ChessBase"]
[SourceQuality "1"]
[TimeControl "40/5400+30:1800+30"]

1. d4 d5 2. c4 c6 3. Nf3 Nf6 4. Nc3 dxc4 5. a4 Bf5 6. Ne5 Nbd7 7. Nxc4 Nb6 8. Ne5 a5 9. h4 h6 10. f3 Nfd7 11. e4 Bh7 12. Be3 e6 13. Nd3 Bd6 14. Qb3 Bg3+ 15. Ke2 O-O 16. f4 Bxh4 17. g4 Be7 18. Bg2 Nc8 19. g5 Qb6 20. Qxb6 Ncxb6 21. gxh6 g6 22. b3 Rfe8 23. Rad1 Rac8 24. Nc5 Rb8 25. Bh3 Bf8 26. Kf3 f5 27. Nxd7 Nxd7 28. d5 cxd5 29. exd5 e5 30. Bf1 e4+ 31. Kg3 Bc5 32. Bxc5 Nxc5 33. Bc4 Rbd8 34. Kh4 Kf7 35. Kg5 e3 36. Rh3 Rd6 37. Re1 e2 38. Rxe2 Rxe2 39. Bxe2 Kf8 40. Bc4 Rb6 41. Re3 Bg8 42. Bb5 Nxb3 43. Re8+ Kf7 44. Rd8 Nd4 45. Rd7+ Kf8 46. d6 Be6 47. Rd8+ Kf7 48. Be8+ 1-0

[Event "Austrian Bundesliga 2023-24"]
[Site "Austria"]
[Date "2024.03.23"]
[Round "10.7"]
[White "Mamedyarov, Shakhriyar"]
[Black "Markus, Robert"]
[Result "1-0"]
[ECO "E68"]
[WhiteElo "2734"]
[BlackElo "2595"]
[Annotator "TA"]
[PlyCount "67"]
[EventDate "2023.10.21"]
[EventType "team-tourn"]
[EventCountry "AUT"]
[SourceTitle "playchess.com"]
[Source "ChessBase"]
[SourceQuality "1"]
[TimeControl "40/5400+30:1800+30"]

1. d4 Nf6 2. c4 d6 3. Nf3 Nbd7 4. Nc3 g6 5. g3 Bg7 6. Bg2 O-O 7. O-O e5 8. e4 exd4 9. Nxd4 Re8 10. h3 Nc5 11. Re1 a6 12. Nb3 Nfd7 13. Bf4 Ne6 14. Be3 {[%emt 0:01:50] The position is equal.} Ne5 15. Qe2 {[%emt 0:04:19] [#]} b5 $1 16. c5 dxc5 {[%emt 0:14:51] [#]} (16... a5 $11) 17. Nxc5 (17. Rad1 $1 $16 Qe7 18. f4) 17... Nd4 $11 18. Qd1 Nc4 {[%emt 0:00:06] [#]} ({Black should play} 18... Ne6 $1 $11) 19. e5 $1 $14 Nxe3 20. fxe3 Ne6 21. Qxd8 Rxd8 22. Bxa8 Nxc5 23. Red1 Rf8 24. Rac1 {[%emt 0:10:44] aiming for Nd5.} Bxe5 25. Bg2 $36 {[%emt 0:11:37][%cal Oc3b5][%mdl 2048] White has good play.} Bd6 (25... b4 $14 26. Nd5 Na4) 26. Nd5 $16 Ne6 27. Kf2 {[%emt 0:00:22] White is more active.} Kg7 {[%emt 0:00:19] [#]} 28. Nb6 $1 {[%emt 0:06:15][%mdl 512] Threatens to win with Nxc8.} Be5 (28... Bc5 29. Nxc8) 29. Nxc8 Rxc8 30. Rc6 Rb8 {[%emt 0:09:21] [#]} (30... b4 $142 31. Rd5 (31. Rxa6 Bxb2 32. Rc6 Be5 $16) 31... Kf6) 31. b4 $1 $18 (31. Rxa6 Bxb2 32. Rd5 b4) 31... Rb6 32. Rxb6 {[%emt 0:01:33] White has a decisive advantage.} cxb6 33. Rd7 Kf6 34. Bd5 {[%emt 0:01:35] Weighted Error Value: White=0.09 (flawless) /Black=0.32.  Mistake:       	White=1     	Black=4      Inaccurate:     	White=1     	Black=2      OK:         	White=14    	Black=6      Best:        	---       	Black=2      Brilliant:      	White=1     	Black=1} 1-0

[Event "Austrian Bundesliga 2023-24"]
[Site "Austria"]
[Date "2024.03.23"]
[Round "10.8"]
[White "Horvath, Dominik"]
[Black "Vachier-Lagrave, Maxime"]
[Result "0-1"]
[ECO "B33"]
[WhiteElo "2534"]
[BlackElo "2728"]
[Annotator "TA"]
[PlyCount "62"]
[EventDate "2023.10.21"]
[EventType "team-tourn"]
[EventCountry "AUT"]
[SourceTitle "playchess.com"]
[Source "ChessBase"]
[SourceQuality "1"]
[TimeControl "40/5400+30:1800+30"]

1. e4 c5 2. Nf3 Nc6 3. d4 cxd4 4. Nxd4 Nf6 5. Nc3 e5 6. Ndb5 d6 7. Bg5 a6 8. Na3 b5 9. Nd5 Be7 10. Bxf6 Bxf6 11. c4 b4 12. Nc2 O-O 13. h4 a5 {[%emt 0:03:50] The position is equal.} 14. g3 Be6 15. Qd3 a4 16. Nce3 b3 17. a3 (17. Be2 $11 {keeps the balance.}) 17... Qa5+ 18. Qd2 Qxd2+ 19. Kxd2 Bd8 20. Rd1 Rb8 21. Kc1 Nd4 22. f4 f5 23. exf5 (23. fxe5 {looks sharper.} dxe5 24. exf5 Nxf5 25. Bh3) 23... Bxd5 24. cxd5 ({White should try} 24. Nxd5 $11 Nxf5 (24... Rxf5 25. Bh3 $16) 25. Rh3) 24... exf4 $15 {[%emt 0:04:22] Black is more active.} 25. Rxd4 {[%emt 0:03:07] [#] Loses the game.} (25. gxf4 $15 Bb6 (25... Nxf5 26. Nxf5 Rxf5 27. Rd4 $11) 26. Nc4 Nxf5 27. Nxb6 Rxb6 28. Kd2) 25... Bb6 $1 $19 ({But not} 25... fxe3 26. Bd3) 26. Re4 (26. Rxa4 $142 Bxe3+ 27. Kb1 fxg3 28. Bh3) 26... Bxe3+ 27. Kb1 (27. Kd1 {was worth a try.} Rbe8 (27... Rxf5 $2 28. Bc4 $19) 28. Rxa4 fxg3 (28... Rxf5 $2 29. gxf4 Rxd5+ 30. Ke1 $19) 29. Bh3) 27... Rbe8 ({Less strong is} 27... Rxf5 28. gxf4 Bxf4 29. Rxa4 $17) 28. Rxe8 Rxe8 29. gxf4 {[%emt 0:00:06] [#]} Bg1 $1 30. Be2 Rxe2 31. Rxg1 Kf7 {[%emt 0:00:15] Weighted Error Value: White=0.36/Black=0.07 (flawless) .  Mistake:       	White=5     	---        Inaccurate:     	White=1     	Black=3      OK:         	White=6     	Black=8      Best:        	White=1     	Black=3      Strong:       	---       	Black=1      Brilliant:      	---       	Black=1} 0-1

[Event "Austrian Bundesliga 2023-24"]
[Site "Austria"]
[Date "2024.03.23"]
[Round "10.9"]
[White "Vitiugov, Nikita"]
[Black "Samunenkov, Ihor"]
[Result "1-0"]
[ECO "D31"]
[WhiteElo "2688"]
[BlackElo "2544"]
[Annotator "TA"]
[PlyCount "85"]
[EventDate "2023.10.21"]
[EventType "team-tourn"]
[EventCountry "AUT"]
[SourceTitle "playchess.com"]
[Source "ChessBase"]
[SourceQuality "1"]
[TimeControl "40/5400+30:1800+30"]

1. d4 d5 2. c4 e6 3. Nc3 a6 4. cxd5 exd5 5. Nf3 Nf6 6. Bg5 {[%emt 0:00:08] D37: Queen's Gambit Declined: 5 Bf4.} Be6 7. e3 Nbd7 8. Bd3 Bd6 9. O-O c6 10. Bf4 Qc7 11. Qd2 {[%emt 0:00:06] seems to push 11.Bxd6 aside.} O-O 12. h3 Rfe8 13. Rfe1 Nb6 14. Ne2 $1 $146 {[%emt 0:01:14][%mdl 8] A top novelty.} ({Predecessor:} 14. b3 g6 15. a4 a5 16. Rac1 Bxf4 17. exf4 Nh5 18. f5 Bd7 19. Ne5 Bxf5 20. Bxf5 gxf5 {1-0 Xiong,J (2659)-So,W (2757) Titled Tuesday intern op 06th Feb Late blitz 2024 (9)}) 14... a5 15. Qc2 g6 16. Ng5 Bd7 17. Rac1 Nc8 18. a3 Qd8 19. Ng3 a4 20. Nf3 Bf8 21. Ne5 Be6 22. Bg5 h6 23. Bxf6 $1 Qxf6 24. f4 Nd6 25. Rf1 Qh4 (25... h5 $11 {keeps the balance.}) 26. Rf3 $16 Bg7 27. Rcf1 $1 Qe7 (27... h5 $142) 28. f5 $16 gxf5 29. Bxf5 Qg5 30. Kh2 (30. Bxe6 $142 $1 fxe6 (30... Rxe6 $2 31. Nxf7 Nxf7 32. Nf5 $18) 31. Nd7) 30... h5 (30... Nxf5 $2 31. Nxf5 Bxf5 32. Rxf5 Rxe5 33. Rxg5 (33. dxe5 Bxe5+ 34. Kh1 Qg3 $15) 33... Rxg5 34. Rf3 $18) (30... f6 $16 {was called for.} 31. Ng4 Kh8) 31. Bxe6 $18 fxe6 32. h4 Qxh4+ 33. Kg1 Ne4 34. Nxe4 Qxe4 {[%emt 0:00:10] [#]} 35. Qf2 $1 Rf8 {[%emt 0:00:47] [#]} (35... Bxe5 36. dxe5 Qxe5 37. Rf7 $11) 36. Rf7 $2 (36. Nf7 $1 $18) 36... h4 $2 (36... Kh8 $1 $11) 37. Nd7 $16 Rxf7 38. Qxf7+ Kh8 39. Rf3 Rg8 40. Rh3 Qb1+ $2 (40... Bh6 $16 41. Qxg8+ Kxg8 42. Nf6+ Kf7 43. Nxe4 dxe4) 41. Kh2 $18 Bh6 42. Qf6+ (42. Qxe6 Rxg2+ 43. Kxg2 Qc2+ 44. Kg1 Qd1+ 45. Kf2 Qd2+ 46. Kf3 Qd1+ 47. Kf2 Qd2+ 48. Kf3 Qd1+ 49. Kf2 $11) 42... Kh7 43. Qxh4 ({Worse is} 43. Qxe6 Rxg2+ 44. Kxg2 Qc2+ 45. Kf1 (45. Kg1 Qd1+ 46. Kf2 Qd2+ 47. Kf1 Qd1+ 48. Kf2 Qd2+ 49. Kf3 Qd1+ 50. Kf2 $11) 45... Qd1+ 46. Kf2 Qd2+ 47. Kf1 Qd1+ 48. Kf2 Qd2+ 49. Kf1 Qc1+ 50. Ke2 Qc2+ 51. Ke1 Qc1+ 52. Ke2 Qc2+ 53. Ke1 Qb1+ 54. Kf2 (54. Kd2 Qxb2+ 55. Ke1 Qb1+ 56. Kf2 Qc2+ 57. Kg1 Qd1+ 58. Kf2 Qc2+ 59. Kg1 Qd1+ 60. Kf2 Qd2+ 61. Kf1 Qd1+ 62. Kf2 $11) 54... Qc2+ 55. Ke1 $11) 1-0

[Event "Austrian Bundesliga 2023-24"]
[Site "Austria"]
[Date "2024.03.23"]
[Round "10.10"]
[White "Korpa, Bence"]
[Black "Maghsoodloo, Parham"]
[Result "0-1"]
[ECO "B22"]
[WhiteElo "2545"]
[BlackElo "2717"]
[Annotator "TA"]
[PlyCount "76"]
[EventDate "2023.10.21"]
[EventType "team-tourn"]
[EventCountry "AUT"]
[SourceTitle "playchess.com"]
[Source "ChessBase"]
[SourceQuality "1"]
[TimeControl "40/5400+30:1800+30"]

1. e4 c5 2. c3 Nf6 3. e5 Nd5 4. Nf3 Nc6 5. d4 cxd4 6. cxd4 d6 7. Bc4 Nb6 8. Bb5 Bd7 9. Nc3 dxe5 10. dxe5 g6 11. Qe2 Bg7 {[%emt 0:00:21] The position is equal.} 12. h3 O-O 13. O-O Qc7 14. Bf4 a6 15. Bd3 Be6 16. Rac1 Nd5 (16... Rad8 {with more complications.} 17. Ng5 Nd4 18. Qe3 Nc4) 17. Bg3 Bh6 18. Nxd5 Bxd5 19. e6 Qa5 20. exf7+ Rxf7 {[%emt 0:00:05][%cal Od5f3] [#] Hoping for ...Bxf3!} 21. Rc4 Bg7 22. Be4 {[%emt 0:11:03] Prevents e6.} (22. Rfc1 $11) 22... Bxc4 $15 (22... Qxa2 $2 23. Bxd5 Qa5 24. Rd1 $18 (24. Bxf7+ Kxf7 25. Rd1 Kf8 $18) (24. Bxc6 bxc6 25. Rxc6 Qb5 $18)) 23. Qxc4 Rd8 {[%emt 0:00:04] Dodges Bd5} (23... Bxb2 $2 {too greedy.} 24. Bd5 Raf8 25. Rb1 $18 (25. Bxf7+ Rxf7 26. Rb1 Qc3 $18) (25. Ng5 e6 $16)) 24. Bc2 Nd4 ({But not} 24... Bxb2 25. Bb3 Rdf8 26. Qe4 $11) 25. Nxd4 Rxd4 26. Qe6 Qd5 27. Qe1 {[%emt 0:09:08] White does not recover from this.} (27. Qe3 $15) 27... Qxa2 $19 28. Qe3 {[%emt 0:02:18] [#]} Rb4 {[%emt 0:03:34] Inhibits Bb3.} ({Weaker is} 28... Qxb2 29. Bb3 Rd8 30. Qxe7 Qxb3 31. Qxd8+ Rf8 32. Qd6 $15) 29. Rd1 Rxb2 30. Be4 Re2 31. Bd5 Rxe3 32. Bxa2 {[%emt 0:00:06] A strong pair of Bishops.} Re2 33. Bc4 Re4 34. Rd8+ Bf8 35. Bd5 (35. Ba2 {keeps fighting.}) 35... Re1+ 36. Kh2 e6 37. Bc4 b5 38. Bd3 (38. f3 Re3 39. Bf2 Rexf3 (39... Re5 $2 40. Bd4 $19) 40. gxf3 bxc4 41. Rc8) 38... Rd1 {[%emt 0:00:22] Weighted Error Value: White=0.48/Black=0.07 (flawless) .  Loses game:     	White=1     	---        Mistake:       	White=3     	---        Inaccurate:     	White=2     	---        OK:         	White=14    	Black=14     Best:        	---       	Black=4} 0-1

[Event "Austrian Bundesliga 2023-24"]
[Site "Austria"]
[Date "2024.03.23"]
[Round "10.11"]
[White "Vallejo Pons, Francisco"]
[Black "Mesaros, Florian"]
[Result "1-0"]
[ECO "C77"]
[WhiteElo "2653"]
[BlackElo "2414"]
[Annotator "RC"]
[PlyCount "139"]
[EventDate "2023.10.21"]
[EventType "team-tourn"]
[EventCountry "AUT"]
[SourceTitle "playchess.com"]
[Source "ChessBase"]
[SourceQuality "1"]
[TimeControl "40/5400+30:1800+30"]

1. e4 e5 2. Nf3 Nc6 3. Bb5 a6 4. Ba4 Nf6 5. d3 d6 6. c3 g6 7. O-O Bg7 8. Re1 O-O 9. h3 b5 10. Bc2 d5 11. Nbd2 Re8 12. a4 b4 13. a5 Rb8 14. Ba4 Bd7 15. Nb3 bxc3 16. bxc3 Na7 17. Nc5 Bxa4 18. Qxa4 Qd6 19. Be3 Rb5 20. Nxa6 Qxa6 21. Bxa7 dxe4 22. dxe4 Ra8 23. c4 Rb7 24. Bc5 Bf8 25. Bxf8 Kxf8 26. Nxe5 Qd6 27. Nxg6+ hxg6 28. e5 Qe6 29. exf6 Qxf6 30. Ra3 Qd6 31. Rae3 Ra6 32. Qe8+ Kg7 33. Re7 Qf4 34. Rxf7+ Qxf7 35. Re7 Qxe7 36. Qxe7+ Kg8 37. Qd8+ Kg7 38. Qd7+ Kh6 39. f4 Rba7 40. g4 g5 41. f5 Rxa5 42. Qe6+ Kh7 43. Qg6+ Kh8 44. f6 c6 45. Qe8+ Kh7 46. f7 Ra1+ 47. Kf2 R7a2+ 48. Ke3 Ra8 49. Kd4 Rd1+ 50. Kc5 Rdd8 51. Qe7 Kg6 52. h4 Rf8 53. h5+ Kg7 54. Qxg5+ Kxf7 55. Qg6+ Ke7 56. Qd6+ Kf7 57. Qg6+ Ke7 58. h6 Rg8 59. Qe4+ Kf7 60. Qf5+ Ke7 61. h7 Rh8 62. Qg6 Ra5+ 63. Kb4 Raa8 64. g5 Raf8 65. Qg7+ Kd6 66. Qd4+ Ke6 67. g6 c5+ 68. Kxc5 Rb8 69. Qxh8 Rxh8 70. g7 1-0